 Dungeon Crawl Stone Soup version 0.31.0-11-ge490571c62 (webtiles) character file.

Game seed: 3002091685558873028

674 SnakkuSnakku7 the Fighter (level 7, -3/63 HPs)
             Began as a Merfolk Conjurer on Jan 31, 2024.
             Was an Initiate of Ru.
             Slain by a gnoll sergeant
             ... wielding a +0 trident
              (4 damage)
             ... on level 5 of the Dungeon.
             The game lasted 00:05:38 (4297 turns).

SnakkuSnakku7 the Fighter (Merfolk Conjurer)        Turns: 4297, Time: 00:05:39

Health: -3/63      AC:  4    Str:  8    XL:     7   Next: 59%
Magic:  10/10      EV:  6    Int: 17    God:    Ru [......]
Gold:   215        SH:  0    Dex: 14    Spells: 10/10 levels left

rFire   . . .        a - +2 dagger (venom)
rCold   . . .        (no shield)
rNeg    . . .        x - +2 robe
rPois   .            (no helmet)
rElec   .            (no cloak)
rCorr   +            (no gloves)
SInv    .            (no boots)
Will    .....        f - amulet of faith
Stlth   ++           v - ring of resist corrosion
HPRegen 0.30/turn    (no ring)
MPRegen 0.12/turn

%: faith
@: held, invisible
A: (nimble swimmer 2), mertail
a: Renounce Religion


You were on level 5 of the Dungeon.
You worshipped Ru.
Ru was noncommittal.
You visited 2 branches of the dungeon, and saw 6 of its levels.

You collected 215 gold pieces.

Inventory:

Hand Weapons
 a - a +2 dagger of venom (weapon)
Missiles
 m - 6 poisoned darts (quivered)
Armour
 j - a +0 robe
 k - a +0 ring mail
 x - a +2 robe (worn)
 y - a +0 pair of gloves
Jewellery
 f - an amulet of faith (around neck)
 v - a ring of resist corrosion (left hand)
Scrolls
 e - a scroll of noise {unknown}
 i - a scroll of torment {unknown}
 l - 2 scrolls of fog {unknown}
 n - a scroll of enchant weapon {unknown}
 p - a scroll of blinking {unknown}
 r - a scroll of vulnerability {unknown}
 u - 2 scrolls of immolation {unknown}
Potions
 b - a potion of magic
 c - 4 potions of curing
 d - 3 potions of degeneration {unknown}
 g - a potion of brilliance
 h - a potion of might
 q - a potion of heal wounds {unknown}
 s - a potion of enlightenment {unknown}
 t - a potion of berserk rage {unknown}
 w - 2 potions of mutation {unknown}


   Skills:
 + Level 8.5 Fighting
 - Level 2.6 Dodging
 - Level 2.1 Stealth
 - Level 1.4 Unarmed Combat
 - Level 2.0 Spellcasting
 - Level 3.2 Conjurations


You had 10 spell levels left.
You didn't know any spells.
Your spell library contained the following spells:

 Spells                   Type           Power      Damage    Failure   Level
 Magic Dart               Conj           48%        1d5       4%          1
 Searing Ray              Conj           24%        2d5       8%          2
 Sting                    Conj/Alch      28%        1d4       10%         1
 Sandblast                Erth           2%         2d4       19%         1
 Ensorcelled Hibernation  Hex/Ice        2%         N/A       28%         2
 Lesser Beckoning         Tloc           2%         N/A       28%         2
 Mercury Vapours          Alch/Air       2%         N/A       28%         2
 Stone Arrow              Conj/Erth      14%        3d7       30%         3
 Fugue of the Fallen      Necr           1%         N/A       50%         3
 Gell's Gravitas          Tloc           1%         N/A       50%         3
 Ozocubu's Armour         Ice            1%         N/A       50%         3
 Passwall                 Erth           1%         N/A       50%         3
 Teleport Other           Tloc           1%         N/A       50%         3
 Brom's Barrelling Bould  Conj/Erth      7%         2d3       69%         4
 Fulminant Prism          Conj/Alch      3%         3d5       69%         4
 Iskenderun's Mystic Bla  Conj/Tloc      7%         2d4       69%         4
 Anguish                  Hex/Necr       0%         N/A       88%         4
 Olgreb's Toxic Radiance  Alch           1%         N/A       88%         4
 Metabolic Englaciation   Hex/Ice        0%         N/A       99%         5
 Sculpt Simulacrum        Ice/Alch       0%         N/A       100%        6


Dungeon Overview and Level Annotations

Branches:
Dungeon (5/15)             Temple (1/1) D:4

Altars:
Ashenzari
Cheibriados
Elyvilon
Kikubaaqudgha
Makhleb
Ru
Sif Muna
Uskayaw
Vehumet
Wu Jian
Xom
Yredelemnul
Zin

Shops:
D:1 ([(   D:3 *   D:5 (

Annotations:
D:5 1 runed translucent door, Crazy Yiuf


Innate Abilities, Weirdness & Mutations

((You are very nimble when in or above water. (Stealth+, EV+, Speed+++)))
Your lower body shifts to a powerful aquatic tail in water.


Message History

The gnoll shouts!
The gnoll sergeant shouts!
The gnoll sergeant hits you but does no damage.
The gnoll shouts!
You hit the gnoll sergeant.
The gnoll sergeant is poisoned.
The gnoll sergeant is lightly wounded.
The gnoll sergeant hits you with a +0 trident!
The gnoll sergeant blocks your attack.
The gnoll sergeant is lightly wounded.
The gnoll sergeant completely misses you.
The gnoll sergeant blocks your attack.
The gnoll sergeant is moderately wounded.
The gnoll sergeant hits you with a +0 trident!
The gnoll hits you from afar with a +0 halberd.
The gnoll sergeant blocks your attack.
The gnoll sergeant is moderately wounded.
The gnoll sergeant hits you with a +0 trident.
The gnoll misses you. The gnoll sergeant barely misses you.
The gnoll throws a throwing net.
The throwing net hits you.
You become entangled in the net!
You see here a throwing net.
You struggle against the net.
The gnoll sergeant completely misses you.
The gnoll barely misses you.
You struggle against the net.
The gnoll sergeant hits you from afar with a +0 trident!
The gnoll hits you from afar with a +0 halberd!
* * * LOW HITPOINT WARNING * * *
You struggle against the net.
The gnoll sergeant hits you from afar with a +0 trident!
* * * LOW HITPOINT WARNING * * *
The gnoll barely misses you.
You struggle against the net.
The gnoll sergeant hits you from afar with a +0 trident!
* * * LOW HITPOINT WARNING * * *
The gnoll barely misses you.
Unknown command.
Okay, then.
You fade into invisibility!
The gnoll sergeant hits you from afar with a +0 trident.
You die...

###########.#......
#..................
#.########.....####
#.##### #....###..
#รท....# ##..## ###
#.#...# #....# ###
#.#.#.# ##...# #..
###.#.#.# ##.## ###
#...@.gg# ##.# #..
#.#.#.#># #.## #..
#....#g#.# ##.# ###
######g#.# #.## #..
######.#.# #+# ###
#........# ... #..
####<#.#.# #...#
### #.#.#.# #)g.#
#.# # #.#.# #####
#.#


You could see a gnoll sergeant (unable to see you, very poisoned) and 3 gnolls.

Vanquished Creatures
  Sigmund (D:5)
  A black bear (D:5)
  A scorpion (D:4)
  A hound (D:2)
  A jelly (D:4)
  An orc priest (D:3)
  3 orc wizards
  An iguana (D:5)
  4 gnolls
  4 adders
  2 ribbon worms (D:3)
  A dart slug (D:1)
  8 orcs
  9 ball pythons
  4 bats
  8 endoplasms
  7 giant cockroaches
  7 goblins
  3 hobgoblins
  6 jackals
  6 kobolds
  4 quokkas
  5 frilled lizards
  5 rats
93 creatures vanquished.

Notes
Turn   | Place    | Note
-------+----------+-------------------------------------------
     0 | D:1      | SnakkuSnakku7 the Merfolk Conjurer began the quest for the
                  | Orb.
     0 | D:1      | Reached XP level 1. HP: 13/13 MP: 3/3
   216 | D:1      | Reached skill level 1 in Fighting
   216 | D:1      | Reached skill level 1 in Unarmed Combat
   220 | D:1      | Reached XP level 2. HP: 8/21 MP: 0/5
   252 | D:1      | Found a faded altar of an unknown god.
   282 | D:2      | HP: 1/21 [poisoned by a goblin]
   476 | D:1      | Found Qanum Man's Antique Weapon Boutique.
   523 | D:1      | Reached skill level 2 in Fighting
   530 | D:1      | Reached XP level 3. HP: 12/27 MP: 6/6
   541 | D:1      | Found Ikhujun's Armour Shoppe.
   970 | D:1      | Found Ditaokog's Weapon Boutique.
  1226 | D:2      | Reached skill level 3 in Fighting
  1226 | D:2      | Reached XP level 4. HP: 25/37 MP: 7/7
  1954 | D:2      | Reached skill level 4 in Fighting
  2166 | D:3      | Reached XP level 5. HP: 43/43 MP: 8/8
  2219 | D:3      | Found Ilodd's General Store.
  2442 | D:3      | Found a hide-covered altar of Uskayaw.
  2568 | D:3      | Reached skill level 5 in Fighting
  2887 | D:4      | Reached skill level 6 in Fighting
  2887 | D:4      | Reached XP level 6. HP: 43/52 MP: 9/9
  2921 | D:4      | Found a shimmering blue altar of Sif Muna.
  3215 | D:4      | Found an ancient bone altar of Kikubaaqudgha.
  3533 | D:4      | Found a staircase to the Ecumenical Temple.
  3559 | Temple   | Entered the Ecumenical Temple
  3565 | Temple   | Became a worshipper of Ru the Awakened
  3606 | D:5      | Entered Level 5 of the Dungeon
  3647 | D:5      | Found Dizionaidgh's Weapon Boutique.
  3669 | D:5      | Found a burning altar of Makhleb.
  3671 | D:5      | Noticed Sigmund
  3685 | D:5      | Killed Sigmund
  3686 | D:5      | Reached skill level 7 in Fighting
  3686 | D:5      | Reached XP level 7. HP: 43/61 MP: 10/10
  3794 | D:5      | Found a broken altar of Ashenzari.
  3800 | D:5      | Found a basalt altar of Yredelemnul.
  3813 | D:5      | Reached skill level 8 in Fighting
  4038 | D:5      | Found a runed translucent door.
  4039 | D:5      | Noticed Crazy Yiuf
  4296 | D:5      | HP: 1/63 [gnoll sergeant/+0 trident (9)]
  4297 | D:5      | Slain by a gnoll sergeant

Illustrated notes

Levels and vault maps discovered:
D:1:      dpeg_arrival_simpleton_c, layout_basic,
          chequers_ecumenical_altar_simple, serial_shops, shop,
          nicolae_shop_bloodbath_and_beyond, nicolae_shop_tiny_real_fake_doors,
          grunt_decor_cap
D:2:      layout_loops_corners, serial_forest, infiniplex_forest_end_2,
          infiniplex_forest_lined_2, infiniplex_forest_end_3,
          infiniplex_forest_lined_2, infiniplex_forest_straight_2,
          infiniplex_forest_corner_1
D:3:      layout_loops_cross, mainiacjoe_overflow_cross_hatched, serial_shops,
          nicolae_diamond_shop
D:4:      nicolae_cairo_tiling_very_big, layout_rooms,
          overflow_temple_1_default, lemuel_crystal_altar,
          minmay_temple_entry_nine_rooms
D:5:      layout_basic, mainiacjoe_overflow_paths, kennysheep_mini_moat,
          mainiacjoe_overflow_catwalk_spiral, minmay_crystal_room,
          minmay_shop_grid_forest, minmay_chambers_of_fives, uniq_blork_the_orc,
          uniq_sigmund, uniq_crazy_yiuf_cottage
Temple:   hellmonk_temple_two_chambers

Skill      XL: |  1  2  3  4  5  6  7 |
---------------+----------------------+-----
Fighting       | 1 2 3 4 6 7 8 |  8.5
Unarmed Combat | 1 |  1.4
Dodging        | |  2.6
Stealth        | |  2.1
Spellcasting   | |  2.0
Conjurations   | |  3.2

Action                     |  1- 3 |  4- 6 |  7- 9 || total
---------------------------+-------+-------+-------++-------
  Melee: Unarmed           |    34 |       |       ||    34
         Dagger            |    64 |   181 |    30 ||   275
         Punch             |       |     3 |     3 ||     6
         Tailslap          |       |       |     3 ||     3
   Cast: Magic Dart        |    17 |       |       ||    17
    Use: Scroll            |     2 |     3 |       ||     5
         Potion            |       |       |     1 ||     1
   Stab: Sleeping          |       |     3 |       ||     3
 Armour: Robe              |    30 |       |    37 ||    67
         Ring mail         |    29 |   120 |       ||   149
  Dodge: Dodged            |    70 |    87 |    19 ||   176
